woodfighter, chaotic female human Rogue ------ ------- ---------------- ....<| |.....|#####`#####+..............| ------------ |....| ......|#[#########|..............| |..........| +..... #|...(.|% #.............).| |..........| --.--- ##.\....|# -|-------------- |...........######## ##-----+-# ## |..........| # # #`######[# # ------------ ## @Y########## ## ## ^ ###### -+-.- -------|-------- # # |....####|......*..{....| |.[.| #.............*.| |...| |....(.........| |..>| ---------------- ----- woodfighter the Rogue Experience level: 6 Strength: 16 Dexterity: 18 Constitution: 14 Intelligence: 10 Wisdom: 8 Charisma: 11 Health: 0(50) Energy: 18(18) Def: 3 Gold: 472 Moves: 3245 Dungeon seed: ymWMxrJP39CbDPJb Game ID: woodfighter_1556365884 Your Inventory: Coins $ - 472 gold pieces Weapons a - a +0 short sword (weapon in hand) b - 12 +0 daggers (in quiver) j - a +0 elven dagger Armor e - an uncursed +1 leather armor (being worn) q - an uncursed +0 orcish helm r - an uncursed +0 orcish helm N - a cursed -1 orcish helm Comestibles l - 5 uncursed food rations w - 2 uncursed sprigs of wolfsbane J - an uncursed tin of gecko meat Potions i - an uncursed potion of fruit juice S - an uncursed potion of object detection Rings g - an uncursed ring of regeneration Wands h - a wand of opening (0:3) Tools s - an uncursed sack x - an uncursed skeleton key y - an uncursed lock pick z - an uncursed magic lamp W - an uncursed blindfold Gems n - an uncursed worthless piece of yellow glass Contents of the sack: 485 gold pieces a [cursed] scroll of identify a [uncursed] scroll of identify a [blessed] scroll of light a [uncursed] scroll of scare monster a [cursed] scroll of water a [cursed] potion of blindness a [uncursed] potion of object detection 2 uncursed potions of sickness a [cursed] ring of teleportation Spells and supernatural/magical abilities: Name Level Category Fail Memory W - pray for help -- divine ? -- Your skills at the end: Miscellaneous Skills wands [Basic] Weapon Skills dagger [Basic] short sword [Basic] Spellcasting Skills Final Attributes: You were piously aligned. You were telepathic. You were somewhat stealthy. You are dead. Vanquished creatures: a giant beetle a yellow light 2 ponies a straw golem a giant ant 2 floating eyes a kobold lord 3 iguanas 12 hill orcs a dwarf zombie 2 killer bees 2 gas spores a hobbit 3 acid blobs 5 geckos a hobgoblin a yellow mold a red mold 3 garter snakes 6 manes a gnome zombie 7 jackals a fox 5 newts a goblin 3 sewer rats 9 grid bugs 2 bats 3 lichens 82 creatures vanquished. Voluntary challenges: You did not adorn yourself with jewelry or accessories. You did not cause conflict. You were not invisible. You did not have reflection. You were not displaced. You had been an atheist until turn 3117. You used a wielded weapon 116 times, starting on turn 244. You did not apply a unicorn horn. You did not use plumbed fixtures. You did not drink any magical draughts. You were illiterate. You never genocided any monsters. You never polymorphed an object. You never changed form. You used no wishes. You never split a pudding. You never wrote Elbereth's name. You never violated your personal moral code. Dungeon overview: The Dungeons of Doom: levels 1 to 8 Level 1 a fountain a long staircase Level 2 Level 3 (vault) a general store Level 4 a fountain stairs to The Gnomish Mines Level 5 some fountains, a sink Level 6 Level 7 <- You were here a fountain, a throne Level 8 The Gnomish Mines: Level 5 stairs to The Dungeons of Doom History has recorded: On T:1 you entered the Dungeons of Doom to retrieve the Amulet of Yendor! On T:168 you reached level 2 of The Dungeons of Doom. On T:534 you reached level 3 of The Dungeons of Doom. On T:556 you advanced to experience level 2. On T:904 you reached level 4 of The Dungeons of Doom. On T:986 you advanced to experience level 3. On T:1569 you advanced to experience level 4. On T:1656 you reached level 5 of The Dungeons of Doom. On T:1730 you reached level 1 of The Gnomish Mines. On T:1881 you reached level 6 of The Dungeons of Doom. On T:2420 you advanced to experience level 5. On T:2617 you reached level 7 of The Dungeons of Doom. On T:3037 you reached level 8 of The Dungeons of Doom. On T:3050 you advanced to experience level 6. On T:3117 you prayed to Kos. On T:3245 you prayed to Kos. Score breakdown: Gold: 957 ( 95 points) Experience: 6 levels ( 500 points) Exploration: 8 levels ( 210 points) Discoveries: 17 items ( 850 points) Variety of kills: 29 monsters ( 1450 points) Major goal: (nothing yet) ( 0 points) Survival: died (score multiplied by 3) Total score: 9315 Latest messages: Your brain is on fire! The hill orc drinks a dark potion! Suddenly you cannot see the hill orc. You stab the bugbear! The bugbear reads a scroll labeled LEP GEX VEN ZEA! You stab the ape. The ape claws you! (2x) The ape bites! The bugbear punches you! You stab the ape! The ape claws you! (2x) The ape bites! You stab the ape. The ape claws you! (2x) The ape bites! You throw 2 daggers. The 1st dagger hits the ape. The 2nd dagger hits the ape. The ape claws you! (2x) The ape bites! You begin praying to Kos. The ape claws you! (2x) The ape bites! You die... Final status: Goodbye woodfighter the Rogue, killed by an ape, while praying... You died in The Dungeons of Doom on dungeon level 7 with 9315 points, and 957 pieces of gold, after 3245 moves. You were level 6 with a maximum of 50 hit points when you died.